 Dungeon Crawl Stone Soup version 0.28.0 (webtiles) character file.

Game seed: 10932132916389895657

4813 Ijustatesigmund the Fighter (level 10, -2/99 HPs)
             Began as a Gargoyle Fighter on Feb 11, 2022.
             Was a Follower of Cheibriados.
             Slain by a yak (12 damage)
             ... on level 7 of the Dungeon.
             The game lasted 00:16:03 (11301 turns).

Ijustatesigmund the Fighter (Gargoyle Fighter)     Turns: 11301, Time: 00:16:03

Health: -2/99      AC: 25    Str: 24    XL:     10   Next: 48%
Magic:  11/12      EV:  2    Int: 13    God:    Cheibriados [*.....]
Gold:   380        SH:  6    Dex: 23    Spells: 9/9 levels left

rFire   . . .      SeeInvis .   a - +0 flail
rCold   . . .      Faith    .   c - +0 buckler
rNeg    + . .      Spirit   .   (armour currently unavailable)
rPois   ∞          Reflect  .   (helmet currently unavailable)
rElec   .          Harm     .   (cloak currently unavailable)
rCorr   .          Rampage  .   (gloves currently unavailable)
Will    .....      NoTele   +   (boots currently unavailable)
Stlth   ++........              (no amulet)
HPRegen 0.26/turn               n - +6 ring of dexterity
MPRegen 0.13/turn               t - +6 ring of dexterity

@: mighty, tree-form, very slow
A: stationary, stasis, torment immunity, boosted hp, sickness immunity, AC +7,
negative energy resistance 1, (electricity resistance), torment resistance 1,
petrification resistance
a: Renounce Religion, Bend Time


You were on level 7 of the Dungeon.
You worshipped Cheibriados.
Cheibriados was aware of your devotion.
You were a tree.
You visited 2 branches of the dungeon, and saw 9 of its levels.
You also visited: Sewer.

You collected 380 gold pieces.

Inventory:

Hand Weapons
 a - a +0 flail (weapon)
Armour
 b - a +0 scale mail (melded)
 c - a +0 buckler (worn)
 r - a +0 cloak (melded)
Jewellery
 e - an amulet of guardian spirit
 g - a ring of magical power
 n - a +6 ring of dexterity (left branch)
 q - the ring "Tiucot" {rPois Str+5}
   (You found it on level 4 of the Dungeon)

   [ring of poison resistance]

   Str:       It affects your strength (+5).
   rPois:     It protects you from poison.
 t - a +6 ring of dexterity (right branch)
Wands
 m - a wand of iceblast (15)
Scrolls
 h - a scroll of teleportation
 l - 4 scrolls of identify
 p - a scroll of immolation
 u - 2 scrolls of fog
Potions
 d - a potion of ambrosia
 f - 3 potions of flight
 i - a potion of magic
 o - 2 potions of cancellation


   Skills:
 + Level 9.3 Fighting
 + Level 8.7 Maces & Flails
 - Level 6.4 Armour
 - Level 3.6 Dodging
 + Level 4.4 Shields
 + Level 2.6 Invocations
 - Level 5.0 Evocations


You had 9 spell levels left.
You didn't know any spells.
Your spell library contained the following spells:

 Spells                   Type           Power      Damage    Failure   Level
 Freeze                   Ice            0%         1d3       36%         1
 Frozen Ramparts          Ice            0%         1d2       75%         3
 Summon Guardian Golem    Hex/Summ       0%         N/A       75%         3
 Hailstorm                Conj/Ice       0%         3d3       98%         4
 Blade Hands              Tmut           0%         N/A       100%        5
 Irradiate                Conj/Tmut      0%         3d14      100%        5
 Dragon Form              Tmut           0%         N/A       100%        7
 Orb of Destruction       Conj           0%         9d5       100%        7
 Spellforged Servitor     Conj/Summ      0%         N/A       100%        7


Dungeon Overview and Level Annotations

Branches:
Dungeon (8/15)             Temple (1/1) D:4           Sewer (visited)
   Lair: D:8-11

Altars:
Ashenzari
Cheibriados
Dithmenos
Elyvilon
Fedhas
Gozag
Hepliaklqana
Kikubaaqudgha
Makhleb
Nemelex Xobeh
Okawaru
Qazlal
Ru
Sif Muna
Trog
Uskayaw
Vehumet
Wu Jian
Xom
Yredelemnul
Zin
The Shining One


Innate Abilities, Weirdness & Mutations

You are a tree.
Your roots penetrate the ground, keeping you stationary.
You cannot be teleported.
You are immune to unholy pain and torment.
Your maximum health is greatly increased.
Your equipment is partially melded.
You are immune to sickness and miasma.
((Your stone body is resilient. (AC +7)))
You are immune to poison.
You resist negative energy. (rN+)
((You are resistant to electric shocks. (rElec)))
You are resistant to unholy torment.
You are immune to petrification.


Message History

You are too injured to fight recklessly!
You are too injured to fight recklessly!
You are too injured to fight recklessly!
You are too injured to fight recklessly!
You are too injured to fight recklessly!
You are too injured to fight recklessly!
You are too injured to fight recklessly!
You sock the yak!
The yak is moderately wounded.
The yak gores you! The yak barely misses you. The yak gores you!
* * * LOW HITPOINT WARNING * * *
You hit the yak but do no damage.
The yak is moderately wounded.
You block the yak's attack. The yak closely misses you.
The yak gores you but does no damage.
Okay, then.
Really quaff the potion of lignification?
You turn into a tree.
Your +0 cloak melds into your body.
Your +0 scale mail melds into your body.
Your roots penetrate the ground.
The yak gores you but does no damage. The yak gores you.
* * * LOW HITPOINT WARNING * * *
The yak gores you but does no damage.
You feel very mighty all of a sudden.
The yak gores you but does no damage. x2; The yak gores you!
* * * LOW HITPOINT WARNING * * *
You barely miss the yak.
The yak is heavily wounded.
The yak gores you but does no damage. You block the yak's attack. x2
You bludgeon the yak!!
You kill the yak!
Cheibriados appreciates the change of pace.
The yak barely misses you. The yak gores you but does no damage.
You thump the yak!
The yak is severely wounded.
The yak gores you but does no damage. x2
You sock the yak!
The yak is almost dead.
The yak gores you but does no damage. The yak gores you!
You die...

#.............#.#######......
#.............'.......'......
#.............#.......#......
#.............#.......#......
#.............#.#######......
###############.#...........)
#....#............
#.†..#............
#♣Y..#............
##Y..#............
############'#### #.......#..
#.......#.. #.......#..
#.......#.. #.......#..
###############.).####'#


You could see 2 yaks.

Vanquished Creatures
  A two-headed ogre (D:8)
  Pikel (D:7)
  Sigmund (D:5)
  A yak (D:7)
  Menkaure (D:4)
  The ghost of Slaatcain the Caller, an amateur TeSu (D:4)
  Pargi (Sewer)
  2 orc warriors
  2 sky beasts
  2 hornet zombies (D:6)
  2 black bears
  5 ogres
  A centaur (D:6)
  3 lemures (D:7)
  2 phantoms
  A kobold brigand (D:7)
  4 scorpions
  2 water moccasin zombies (D:6)
  A wyvern zombie (D:6)
  3 water moccasin skeletons
  A bullfrog zombie (D:7)
  3 howler monkeys
  A crimson imp (D:7)
  5 hounds
  4 jellies
  3 orc priests
  A bullfrog skeleton (D:6)
  Ijyb (D:3)
  A centaur skeleton (D:6)
  An iguana (D:6)
  Natasha (thrice) (D:4 D:5)
  7 orc wizards
  Robin (D:4)
  4 gnolls (D:4)
  8 adders
  An ufetubus (D:5)
  3 worms
  5 dart slugs
  24 orcs
  6 endoplasms
  6 giant cockroaches
  11 hobgoblins
  4 jackals
  10 kobolds
  7 quokkas
  11 ball pythons
  7 bats
  5 frilled lizards
  11 goblins
  5 rats
197 creatures vanquished.

Notes
Turn   | Place    | Note
-------+----------+-------------------------------------------
     0 | D:1      | Ijustatesigmund the Gargoyle Fighter began the quest for
                  | the Orb.
     0 | D:1      | Reached XP level 1. HP: 14/14 MP: 1/1
    28 | D:1      | Reached XP level 2. HP: 19/19 MP: 2/2
   652 | D:1      | Reached XP level 3. HP: 24/24 MP: 3/3
  1455 | D:2      | Reached skill level 4 in Fighting
  1526 | D:2      | Reached XP level 4. HP: 29/29 MP: 4/4
  2383 | D:3      | Found a hazy altar of Hepliaklqana.
  2697 | D:3      | Noticed Ijyb
  2709 | D:3      | Killed Ijyb
  2710 | D:3      | Reached XP level 5. HP: 28/34 MP: 5/5
  3007 | D:3      | Found a faded altar of an unknown god.
  3053 | D:3      | Found a shimmering altar of Xom.
  3053 | D:3      | Found a shimmering altar of Xom.
  3053 | D:3      | Found a shimmering altar of Xom.
  3056 | D:3      | Found a shimmering altar of Xom.
  3056 | D:3      | Found a shimmering altar of Xom.
  3056 | D:3      | Found a shimmering altar of Xom.
  3057 | D:3      | Found a shimmering altar of Xom.
  3057 | D:3      | Found a shimmering altar of Xom.
  3057 | D:3      | Found a shimmering altar of Xom.
  3057 | D:3      | Found a shimmering altar of Xom.
  3059 | D:3      | Found a shimmering altar of Xom.
  3478 | D:4      | Found a runed translucent door.
  3481 | D:4      | Noticed Slaatcain's ghost (amateur TeSu)
  3482 | D:4      | Noticed an orc warrior
  3518 | D:4      | Noticed Robin
  3522 | D:4      | Noticed a phantom
  3530 | D:4      | Noticed an ogre
  3538 | D:5      | Entered Level 5 of the Dungeon
  3711 | D:5      | Noticed Sigmund
  3716 | D:5      | Noticed a phantom
  3720 | D:5      | Killed Sigmund
  3721 | D:5      | Reached skill level 5 in Fighting
  3721 | D:5      | Reached skill level 5 in Maces & Flails
  3721 | D:5      | Reached XP level 6. HP: 39/40 MP: 6/6
  3724 | D:5      | Found a bloodstained altar of Trog.
  3923 | D:5      | Reached XP level 7. HP: 44/44 MP: 7/7
  4006 | D:5      | Found a glowing drain.
  4030 | Sewer    | Entered a sewer
  4088 | Sewer    | Noticed Pargi
  4099 | Sewer    | Killed Pargi
  4171 | Sewer    | Identified the +2 robe "Corocuon" {Int+2}
  4258 | D:4      | Found a staircase to the Ecumenical Temple.
  4449 | D:4      | Noticed Natasha
  4463 | D:4      | Killed Natasha
  4670 | D:4      | Reached skill level 6 in Fighting
  4670 | D:4      | Reached skill level 5 in Armour
  5071 | D:4      | Noticed Natasha
  5073 | D:4      | Noticed Menkaure
  5094 | D:5      | Killed Natasha
  5328 | D:5      | Reached XP level 8. HP: 52/52 MP: 8/8
  5444 | D:5      | Noticed Natasha
  5449 | D:5      | Killed Natasha
  5979 | D:5      | Found a shimmering blue altar of Sif Muna.
  6234 | D:6      | Reached skill level 7 in Fighting
  6728 | D:6      | Reached skill level 1 in Dodging
  6851 | D:6      | Reached XP level 9. HP: 58/58 MP: 9/9
  7237 | D:6      | Found a stormy altar of Qazlal.
  7241 | D:6      | Found a shadowy altar of Dithmenos.
  7246 | D:6      | Found an ornate altar of the Wu Jian Council.
  7255 | D:6      | Reached skill level 8 in Fighting
  7264 | D:6      | Found a sacrificial altar of Ru.
  7266 | D:6      | Found a white marble altar of Elyvilon.
  7271 | D:6      | Found a sparkling altar of Nemelex Xobeh.
  8299 | D:4      | Killed Menkaure
  8519 | D:4      | Killed Robin
  8823 | D:4      | Identified the ring "Tiucot" {rPois Str+5}
  8827 | D:4      | Killed Slaatcain's ghost
  9012 | D:7      | Reached skill level 1 in Evocations
  9287 | D:7      | Noticed Pikel
  9303 | D:7      | Killed Pikel
  9304 | D:7      | Reached XP level 10. HP: 38/65 MP: 10/10
  9741 | D:7      | Reached skill level 5 in Evocations
  9805 | Temple   | Entered the Ecumenical Temple
 10031 | Temple   | Became a worshipper of Cheibriados the Contemplative
 10277 | D:7      | Found a burning altar of Makhleb.
 10639 | D:7      | Reached skill level 9 in Fighting
 10639 | D:7      | Reached skill level 1 in Invocations
 10957 | D:7      | Reached * piety under Cheibriados
 11013 | D:8      | Noticed a two-headed ogre
 11027 | D:8      | Killed a two-headed ogre
 11301 | D:7      | Slain by a yak

Illustrated notes

Levels and vault maps discovered:
D:1:      evilmike_arrival_plus, layout_basic, serial_forest,
          infiniplex_forest_straight_2, infiniplex_forest_clump_curved,
          infiniplex_forest_zigzag_1, infiniplex_forest_lined_room_3,
          infiniplex_forest_clump_C, infiniplex_forest_straight_3,
          infiniplex_forest_pool, infiniplex_forest_lined_ring, minmay_ruptured
D:2:      layout_basic, minmay_misc_feat_pillars
D:3:      layout_loops_corners, mainiacjoe_overflow_surrounded_room,
          xom_redecorated, nicolae_ecumenical_oubliette, grunt_ministairs_3,
          uniq_ijyb
D:4:      layout_basic, minmay_temple_entry_mist, ebering_ghost_inner_flame,
          uniq_menkaure, uniq_robin, uniq_natasha
D:5:      layout_basic, kennysheep_little_box, amcnicky_altar_gilded,
          cheibrodos_sewer_entry_drain, minivault_19,
          ebering_dispersal_statue_hall, uniq_sigmund
D:6:      layout_loops_corners, nicolae_overflow_hallway_of_the_gods,
          minmay_increasing_density
D:7:      layout_gridville, makhleb_grotto_becter, chequers_arboretum,
          kennysheep_potato, uniq_pikel
D:8:      layout_rooms, lightli_church_of_beogh
Temple:   minmay_temple_curvy_loop

Skill      XL: |  1  2  3  4  5  6  7  8  9 10 |
---------------+-------------------------------+-----
Maces & Flails | 3 4 5 6 7 8 |  8.7
Fighting       | 4 5 6 7 8 9 |  9.3
Armour         | 4 5 6 |  6.4
Dodging        | 1 3 |  3.6
Evocations     | 4 5 |  5.0
Invocations    | 2 |  2.6
Shields        | 4 |  4.4

Action                   |  1- 3 |  4- 6 |  7- 9 | 10-12 || total
-------------------------+-------+-------+-------+-------++-------
Melee: Flail             |   128 |   118 |   412 |   127 ||   785
Evoke: Wand              |       |       |     9 |     1 ||    10
  Use: Potion            |       |     2 |     9 |     2 ||    13
       Scroll            |       |     9 |     8 |     1 ||    18
Armor: Scale mail        |    95 |    75 |   249 |    55 ||   474
       Skin              |       |       |       |     9 ||     9
Dodge: Dodged            |    76 |    86 |   207 |    67 ||   436
Block: Buckler           |    36 |    23 |   114 |    46 ||   219
